spryhack, chaotic female elven Ranger ------------ |..<..[..).| --------------- |..).......| ..............| ---------|-- |.............| ######## ##-.............| -.------ # # |.............| |......| ### # -----+.--+----- #......`q@#d --- -.--- # ### ###|......| # ??| |...| # # ######.......| ### ??| |{..| # # ### -------- # .??| |...-# # # # ###|.??| |...|# # # ### #-.??| |...|### # # # ----- ----- # ---------# -.--.--- ### ##-.>.....|# |`.....| # |.......|# |......-## |....|...# |......| --------- -------- spryhack the Trailblazer Experience level: 9 Strength: 18 Dexterity: 15 Constitution: 16 Intelligence: 13 Wisdom: 13 Charisma: 8 Health: 0(61) Energy: 50(50) Def: 17 Gold: 204 Moves: 14102 Dungeon seed: lUAcv5hqfkvhAov1 Game ID: spryhack_1481834745 Your Inventory: Coins $ - 204 gold pieces Amulets N - an uncursed amulet versus poison (being worn) Weapons a - an uncursed +1 elven dagger (weapon in hand) b - an uncursed +1 elven bow i - 43 uncursed +0 arrows n - an uncursed +0 elven dagger q - an uncursed +1 elven dagger named +1 A - 3 blessed +2 daggers named +2 (in quiver) P - a cursed +0 elven dagger T - an uncursed +0 elven dagger named +0 Armor e - an uncursed +2 elven cloak (being worn) h - an uncursed +2 dwarvish mithril-coat (being worn) j - a blessed +2 dwarvish iron helm (being worn) y - an uncursed +0 pair of jumping boots (being worn) z - an uncursed +0 Uruk-hai shield (being worn) Wands o - an uncursed wand of cancellation (0:7) x - an uncursed wand of magic missile (0:1) J - an uncursed wand of digging (0:4) Tools k - an uncursed lock pick s - an uncursed +0 unicorn horn B - an uncursed bag of holding M - an uncursed blindfold Gems r - an uncursed worthless piece of yellow glass Contents of the bag of holding: 5002 gold pieces a cursed -1 arrow an uncursed +0 bow 5 uncursed +0 crossbow bolts 58 uncursed +2 elven arrows 38 uncursed +0 elven arrows 7 uncursed +0 orcish arrows 15 uncursed poisoned +0 orcish arrows an uncursed +0 silver saber named +0 an uncursed +0 Uruk-hai shield an uncursed +0 helm of brilliance 2 uncursed carrots an uncursed clove of garlic 4 uncursed food rations 3 cursed food rations an uncursed fortune cookie a cursed fortune cookie 4 uncursed lembas wafers 3 uncursed tripe rations 2 cursed tripe rations an uncursed scroll of amnesia an uncursed scroll of enchant weapon 2 uncursed scrolls of scare monster a blessed scroll of teleportation an uncursed scroll of teleportation an uncursed potion of fruit juice a cursed potion of fruit juice a blessed potion of invisibility an uncursed potion of levitation an uncursed can of grease (0:24) an uncursed leash an uncursed lock pick an uncursed +0 pick-axe named nc 6 uncursed tallow candles (0:200) an uncursed tin whistle an uncursed tinning kit (0:39) 5 uncursed wax candles (0:400) Spells and supernatural/magical abilities: Name Level Category Fail Memory W - pray for help -- divine ? -- Y - supernatural jump -- ability ? -- Your skills at the end: Fighting Skills Weapon Skills dagger [Basic] bow [Basic] Spellcasting Skills Final Attributes: You were piously aligned. You were fire resistant. You were sleep resistant. You were poison resistant. You were telepathic. You had automatic searching. You had infravision. You were stealthy. You could jump. You are dead. Vanquished creatures: a ghost 2 giant mimics a freezing sphere a flaming sphere a tengu a human mummy a red naga a quivering blob 6 wolves a panther 3 leprechauns an orc-captain 2 iron piercers a mumak a black light a vampire bat 3 gnome kings an orc mummy 2 brown puddings a yeti a werewolf 2 chickatrices a dog 2 dingos a jaguar a gray unicorn 2 dust vortices a plains centaur a gnome mummy 3 human zombies a rope golem a bugbear 3 water nymphs a mountain nymph 7 Uruk-hai an orc shaman 4 rock piercers a rock mole 3 ponies a yellow light 3 shriekers 3 violet fungi 8 gnome lords 3 gnomish wizards a red naga hatchling a black naga hatchling a golden naga hatchling 2 gray oozes a barrow wight 2 elf zombies a ghoul 2 straw golems 2 paper golems 2 baby crocodiles 5 giant ants 6 little dogs 8 floating eyes 4 kittens 5 dwarves a homunculus 2 kobold lords a kobold shaman 12 hill orcs 10 rothes a centipede 5 giant bats 2 monkeys 2 orc zombies 4 dwarf zombies a werejackal 7 iguanas 6 killer bees 2 acid blobs a coyote 5 gas spores 2 hobbits 15 manes 2 large kobolds 5 hobgoblins 2 giant rats 14 cave spiders 3 brown molds 2 yellow molds a green mold 3 red molds 17 gnomes 16 garter snakes a gnome zombie 7 geckos 17 jackals 4 foxes 2 kobolds 2 goblins 8 sewer rats 13 grid bugs 6 bats 6 lichens a kobold zombie 5 newts 346 creatures vanquished. Voluntary challenges: You had been an atheist until turn 2160. You used a wielded weapon 616 times, starting on turn 23. You read items or engraved 18 times, starting on turn 6365. You never genocided any monsters. You never polymorphed an object. You never changed form. You used no wishes. You never split a pudding. You wrote Elbereth's name 16 times, starting on turn 6367. You never violated your personal moral code. Dungeon overview: The Dungeons of Doom: levels 1 to 11 Level 1 a long staircase Level 2 stairs to The Gnomish Mines Level 3 (stash) an altar to Venus Level 4 a fountain, a sink Level 5 some fountains Level 6 a fountain Level 7 a fountain Level 8 many fountains Level 9 stairs to Sokoban Level 10 <- You were here a scroll shop, a fountain Level 11 The Gnomish Mines: levels 3 to 6 Level 3 stairs to The Dungeons of Doom Level 4 (bones) Level 5 many shops, a temple to Mars, some fountains Level 6 Sokoban: levels 5 to 8 Level 5 Level 6 Level 7 Level 8 stairs to The Dungeons of Doom History has recorded: On T:1 you entered the Dungeons of Doom to retrieve the Amulet of Yendor! On T:21 you reached level 2 of The Dungeons of Doom. On T:511 you reached level 1 of The Gnomish Mines. On T:525 you advanced to experience level 2. On T:528 you advanced to experience level 3. On T:609 you reached level 2 of The Gnomish Mines. On T:767 you advanced to experience level 4. On T:797 you reached level 3 of The Dungeons of Doom. On T:1253 you advanced to experience level 5. On T:2043 you reached level 3 of The Gnomish Mines. On T:2143 you advanced to experience level 6. On T:3333 you reached level 5 of The Dungeons of Doom. On T:3679 you reached level 6 of The Dungeons of Doom. On T:3821 you reached level 7 of The Dungeons of Doom. On T:3837 you reached level 8 of The Dungeons of Doom. On T:3879 you reached level 9 of The Dungeons of Doom. On T:3921 you reached level 10 of The Dungeons of Doom. On T:4178 you reached level 4 of Sokoban. On T:4411 you advanced to experience level 7. On T:4844 you reached level 3 of Sokoban. On T:6095 you reached level 2 of Sokoban. On T:6311 you advanced to experience level 8. On T:6935 you reached level 1 of Sokoban. On T:10375 you reached level 4 of The Gnomish Mines. On T:11787 you advanced to experience level 9. On T:13979 you reached level 11 of The Dungeons of Doom. Score breakdown: Gold: 5206 (12642 points) Experience: 9 levels (15756 points) Exploration: 11 levels ( 21.57%) (13416 points) Discoveries: 18 items ( 6.21%) ( 7474 points) Valuables value: (no points given unless you survive) Artifact value: 0 ( 0 points) Variety of kills: 99 monsters ( 25.98%) (15292 points) Turncount: 14102 turns (-2886 points) Survival: died (score multiplied by 80%) Total score: 49355 Latest messages: You put 313 gold pieces into the bag called holding. You put a scroll labeled HACKEM MUCHE into the bag called holding. You put a scroll of teleportation into the bag called holding. You put a swirly potion into the bag called holding. You displace Polaris. You hear bubbling water. You have a little trouble lifting $ - 204 gold pieces. You hear some noises in the distance. "Hello, spryhack! Welcome to Kittamagh's second-hand bookstore!" You hear bubbling water. You hit the mumak. The mumak butts! The mumak misses. You hit the mumak! (2x) The mumak butts! The mumak bites! The mumak butts! You die... Final status: Goodbye spryhack the Ranger, killed by a mumak... You died in The Dungeons of Doom on dungeon level 10 with 49355 points, and 5206 pieces of gold, after 14102 moves. You were level 9 with a maximum of 61 hit points when you died.